 Dungeon Crawl Stone Soup version 0.29.1-15-g9cfb28693d (webtiles) character file.

Game seed: 11804440996234532789

1330521 SuperSeabass the Slayer (level 25, 175/275 (278) HPs)
             Began as an Ogre Wanderer on Mar 21, 2023.
             Was an Initiate of Gozag.
             Escaped with the Orb
             ... and 3 runes on Mar 22, 2023!
             The game lasted 07:11:41 (102261 turns).

SuperSeabass the Slayer (Ogre Wanderer)           Turns: 102261, Time: 07:11:41

HP:   175/275 (278) AC: 10    Str: 19 (20) XL:     25   Next: 27%
MP:   44/44         EV: 13    Int: 27      God:    Gozag
Gold: 2008          SH: 17    Dex: 10      Spells: 1/58 levels left

rFire   + + .      SeeInvis .   a - +11 war axe "Xenesany" {venom, Int+4}
rCold   + . .      Faith    .   j - +5 kite shield {AC+3}
rNeg    . . .      Spirit   .   L - +2 robe {rC+ rF+}
rPois   +          Reflect  .   X - +2 hat {Stlth+}
rElec   +          Harm     .   (no cloak)
rCorr   .          Rampage  .   (gloves unavailable)
Will    +++..                   (boots unavailable)
Stlth   ++........              C - amulet of magic regeneration
HPRegen 0.55/turn               W - ring "Ryenwo Lacw" {Wiz rElec rF+ Will+ Str-5}
MPRegen 0.69/turn               m - ring of Ibaaruk {Contam rElec rPois Str+2 Int+6, =R}

@: mildly poisoned (175 -> 166), studying Maces & Flails, lightly drained
A: large, unfitting armour, tough skin 1, dopey 1
0: Orb of Zot
}: 3/15 runes: serpentine, barnacled, slimy
a: Renounce Religion, Potion Petition, Call Merchant, Bribe Branch


You escaped.
You worshipped Gozag.
Gozag was most pleased with you.
You visited 10 branches of the dungeon, and saw 51 of its levels.
You visited 1 bazaar.
You also visited: Ice Cave.

You collected 23377 gold pieces.
You spent 4594 gold pieces at shops.
You paid 16775 gold pieces to Gozag.

Inventory:

Hand Weapons
 a - the +11 war axe "Xenesany" (weapon) {venom, Int+4}
   (You found it on level 10 of the Dungeon)

   It poisons the flesh of those it strikes.
   Int:       It affects your intelligence (+4).
 b - a +9 broad axe of electrocution
Missiles
 Q - a throwing net
 U - 6 curare-tipped darts
Armour
 j - a +5 kite shield of protection (worn)
 u - a +2 cloak of stealth
 L - a +2 robe of resistance (worn)
 X - a +2 hat of stealth (worn)
Jewellery
 m - the ring of Ibaaruk (right hand) {Contam rElec rPois Str+2 Int+6, =R}
   (You found it on level 5 of the Lair of Beasts)

   [ring of intelligence]

   Str:       It affects your strength (+2).
   Int:       It affects your intelligence (+6).
   rElec:     It insulates you from electricity.
   rPois:     It protects you from poison.
   Contam:    It causes magical contamination when unequipped.
 C - an amulet of magic regeneration (around neck)
 E - a +4 ring of evasion
 G - an amulet of reflection
 N - the ring of Hard Scrabble {rC+ rN+ EV+4 Int+4 Stlth+}
   (You took it off a merfolk on level 4 of the Shoals)

   [ring of evasion]

   EV:        It affects your evasion (+4).
   Int:       It affects your intelligence (+4).
   rC:        It protects you from cold.
   rN:        It protects you from negative energy.
   Stlth:     It makes you more stealthy.
 R - a ring of resist corrosion
 V - the ring of Gurchiho {Dex+4 SInv}
   (You bought it in a shop on level 2 of the Orcish Mines)

   [ring of see invisible]

   Dex:       It affects your dexterity (+4).
   SInv:      It lets you see invisible.
 W - the ring "Ryenwo Lacw" (left hand) {Wiz rElec rF+ Will+ Str-5}
   (You found it on level 2 of the Shoals)

   [ring of wizardry]

   It improves your spell success rate.
   Str:       It affects your strength (-5).
   rF:        It protects you from fire.
   rElec:     It insulates you from electricity.
   Will:      It increases your willpower.
 Z - a ring of wizardry
Wands
 d - a wand of digging (21)
 i - a wand of iceblast (28)
 p - a wand of polymorph (13)
 z - a wand of paralysis (34)
 J - a wand of light (22)
Scrolls
 c - 18 scrolls of teleportation
 k - 6 scrolls of enchant weapon
 l - a scroll of enchant armour
 q - a scroll of silence
 t - 6 scrolls of immolation
 v - 2 scrolls of fear
 w - a scroll of magic mapping
 y - 7 scrolls of vulnerability
 B - 3 scrolls of brand weapon
 D - 6 scrolls of butterflies
 H - 3 scrolls of torment
 P - 16 scrolls of poison
 S - 2 scrolls of summoning
 Y - 4 scrolls of noise
Potions
 e - 16 potions of mutation
 f - 2 potions of resistance
 h - 4 potions of cancellation
 n - 4 potions of berserk rage
 o - 9 potions of attraction
 r - 13 potions of might
 s - 9 potions of flight
 A - 10 potions of lignification
 F - 2 potions of magic
 I - 2 potions of heal wounds
 K - 7 potions of brilliance
 M - 19 potions of curing
 O - a potion of haste
 T - 7 potions of ambrosia
Miscellaneous
 g - a tin of tremorstones (2/2)


   Skills:
 + Level 21.2 Fighting
 + Level 12.4 Axes
 + Level 13.7 Dodging
 - Level 6.0 Stealth
 - Level 15.0 Shields
 + Level 17.4 Spellcasting
 - Level 16.0 Conjurations
 - Level 8.0 Hexes
 - Level 3.0 Necromancy
 - Level 1.5 Translocations
 - Level 12.0 Transmutations
 - Level 6.0 Fire Magic
 - Level 8.0 Ice Magic
 - Level 4.7 Air Magic
 - Level 16.0 Earth Magic


You had one spell level left.
You knew the following spells:

 Your Spells              Type           Power      Damage    Failure   Level
a - Ozocubu's Armour      Ice            61%        N/A       1%          3
b - Iskenderun's Mystic   Conj/Tloc      63%        2d13      1%          4
c - Freezing Cloud        Conj/Ice/Air   33%        6-21      1%          5
i - Irradiate             Conj/Tmut      39%        3d24      1%          5
l - Lee's Rapid Deconstr  Erth           41%        3d21*     1%          5
n - Sticky Flame          Conj/Fire      70%        2d8       1%          4
p - Fulminant Prism       Conj/Hex       36%        3d18      1%          4
s - Iron Shot             Conj/Erth      41%        9d8       1%          6
v - Borgnjor's Vile Clut  Necr/Erth      33%        N/A       1%          5
w - Passwall              Tmut/Erth      65%        N/A       0%          2
y - Yara's Violent Unrav  Hex/Tmut       33%        3d14      1%          5
A - Statue Form           Tmut/Erth      52%        N/A       1%          6
R - Swiftness             Air            49%        N/A       1%          3

Your spell library contained the following spells:

 Spells                   Type           Power      Damage    Failure   Level
 Magic Dart               Conj           100%       1d8       0%          1
 Apportation              Tloc           62%        N/A       1%          1
 Foxfire                  Conj/Fire      100%       2x1d9     1%          1
 Shock                    Conj/Air       100%       1d9       1%          1
 Slow                     Hex            100%       N/A       1%          1
 Sting                    Tmut/Pois      100%       1d8       1%          1
 Searing Ray              Conj           100%       2d8       0%          2
 Stone Arrow              Conj/Erth      100%       3d13      0%          3
 Ensorcelled Hibernation  Hex/Ice        100%       N/A       1%          2
 Poisonous Vapours        Pois/Air       72%        N/A       1%          2
 Sublimation of Blood     Necr           40%        N/A       1%          2
 Wereblood                Tmut           73%        N/A       1%          2
 Confusing Touch          Hex            61%        N/A       1%          3
 Dazzling Flash           Conj/Hex       100%       N/A       1%          3
 Frozen Ramparts          Ice            100%       1d16      1%          3
 Gell's Gravitas          Tloc           31%        N/A       1%          3
 Inner Flame              Hex/Fire       57%        N/A       1%          3
 Portal Projectile        Hex/Tloc       98%        N/A       1%          3
 Spider Form              Tmut/Pois      54%        N/A       1%          3
 Teleport Other           Tloc           31%        N/A       1%          3
 Tukima's Dance           Hex            61%        N/A       1%          3
 Vampiric Draining        Necr           40%        2d8       1%          3
 Airstrike                Air            24%        2d(4-20)  1%          4
 Anguish                  Hex/Necr       26%        N/A       1%          4
 Cause Fear               Hex            30%        N/A       1%          4
 Hailstorm                Conj/Ice       73%        3d15      1%          4
 Ice Form                 Ice/Tmut       67%        N/A       1%          4
 Leda's Liquefaction      Hex/Erth       36%        N/A       1%          4
 Petrify                  Tmut/Erth      78%        N/A       1%          4
 Blade Hands              Tmut           36%        N/A       1%          5
 Iskenderun's Battlesphe  Conj           83%        2d13      1%          5
 Metabolic Englaciation   Hex/Ice        30%        N/A       1%          5
 Starburst                Conj/Fire      35%        6d10      1%          6
 Summon Ice Beast         Ice/Summ       45%        N/A       2%          4
 Alistair's Intoxication  Tmut/Pois      36%        N/A       2%          5
 Silence                  Hex/Air        27%        N/A       2%          5
 Summon Lightning Spire   Summ/Air       36%        N/A       4%          4
 Dragon Form              Tmut           36%        N/A       8%          7
 Agony                    Necr           40%        N/A       10%         5
 Olgreb's Toxic Radiance  Pois           23%        N/A       12%         4
 Eringya's Noxious Bog    Tmut/Pois      27%        N/A       16%         6
 Summon Forest            Summ/Tloc      13%        N/A       24%         5
 Storm Form               Tmut/Air       31%        N/A       32%         7
 Enfeeble                 Hex            30%        N/A       34%         7
 Ozocubu's Refrigeration  Ice            30%        4d14      34%         7
 Spellforged Servitor     Conj/Summ      30%        N/A       34%         7
 Death Channel            Necr           20%        N/A       45%         6
 Dispersal                Tloc           15%        N/A       65%         6
 Discord                  Hex            30%        N/A       95%         8
 Haunt                    Necr/Summ      15%        N/A       99%         7
 Ignition                 Fire           27%        3d9       99%         8
 Summon Hydra             Summ           11%        N/A       100%        7
 Disjunction              Tloc           15%        N/A       100%        8
 Infestation              Necr           20%        N/A       100%        8
 Maxwell's Capacitive Co  Air            24%        ∞         100%        8
 Dragon's Call            Summ           11%        N/A       100%        9
 Animate Dead             Necr           Unusable   N/A       N/A         4

Dungeon Overview and Level Annotations

Branches:
Dungeon (15/15)            Temple (0/1) D:7            Lair (5/5) D:10
 Shoals (4/4) Lair:3        Snake (4/4) Lair:3        Slime (5/5) Lair:4
    Orc (2/2) D:10            Elf (3/3) Orc:2        Vaults (4/5) D:14
  Crypt (0/3) Vaults:2     Depths (4/4) D:15            Zot (5/5) Depths:4
  IceCv (visited)

Altars:
Ashenzari
Cheibriados
Gozag
Hepliaklqana
Kikubaaqudgha
Makhleb
Nemelex Xobeh
Okawaru
Qazlal
Ru
Sif Muna
Trog
Uskayaw
Vehumet
Xom
Yredelemnul
The Shining One
Jiyva

Shops:
D:10 [   Orc:2 *(=   Elf:2 **=((   Elf:3 [   Shoals:2 :   Shoals:3 *
Snake:4 =*?   Vaults:3 :   Depths:2 =   Depths:4 :=:((

Portals:
Hell: Depths:1 Depths:2 Depths:3 Depths:4
Abyss: Depths:3
Pandemonium: Depths:2 Depths:3
Ziggurat: Depths:1
Trove: Depths:4 (give +3 shadow dragon scales)

Annotations:
Elf:2 3 runed translucent doors, exclusion: 3 doors
Vaults:1 3 runed translucent doors, exclusion: 3 doors, growler's ghost, adept MfTm
Vaults:3 2 transporters, exclusion: orange crystal statue


Innate Abilities, Weirdness & Mutations

You are too large for most types of armour.
You have tough skin. (AC +1)
You are dopey. (Int -2)


Message History

You climb upwards.
There is a stone staircase leading down here.
(D) Dungeon (T) Temple (L) Lair (A) Shoals (P) Snake Pit (M) Slime Pits (O) Orcish Mines (E) Elven Halls (V) Vaults (C) Crypt (U) Depths (H) Hell (Z) Zot
Where to? (Enter - D:1 @ (x,y), ? - help)
What level of the Dungeon? (default 1, ? - help)
There is a stone staircase leading up here.
You climb upwards.
There is a stone staircase leading down here.
A hellion comes into view.
Casting: Passwall (safe; 0% risk of failure)
Confirm with . or Enter, or press ? or * to list all spells.
Aiming: Borgnjor's Vile Clutch (mildly dangerous; 1% risk of failure)
Press: ? - help, Shift-Dir - straight line, f - hellion
Aim: a hellion (100% to hit)
Zombie hands grab the hellion.
The zombie hands constrict the hellion.
The hellion gestures at you.
The sphere of damnation explodes!
The damnation engulfs you!!
The zombie hands constrict the hellion!
The hellion struggles to escape constriction.
Aiming: Iron Shot (mildly dangerous; 1% risk of failure)
Press: ? - help, Q - select action, (/) - cycle Shift-Dir - straight line, f/p - hellion
Aim: a hellion (moderately wounded, constricted by zombie hands, 100% to hit)
The iron shot hits the hellion!!
You kill the hellion!
There is an open gate here.
A Metsikio and a small abomination come into view.
Metsikio gestures at you. The blast of poison engulfs you.
You are poisoned.
You resist.
There is a staircase leading out of the dungeon here.
You feel very sick.
You block the small abomination's attack.
Metsikio gestures at you. The blast of poison engulfs you. You resist.
You have escaped!

♣♣..# #....###.##
♣♣...# #.#..[.....
♣....# #.######.##
♣♣....###$.......#
♣......##..#######
♣.......##.#
♣.8..8..8#.#
♣♣☼☼○.....'.#
♣.○@☼.....'.#
♣♣○x○.....'.#
♣.8°.8..8###
♣♣..☼...##
♣..°°○## ♣♣.○&##
♣.☼°# ♣...# ♣...#


You could see Metsikio (clouds) and a small abomination.

Vanquished Creatures
  the Royal Jelly (Slime:5)
  Mennas (Depths:4)
  Mara (Snake:3)
  A juggernaut (Depths:4)
  Vv (Depths:4)
  Vashnia (Snake:3)
  2 curse toes (Zot:2)
  Nikola (Shoals:1)
  5 golden dragons
  A bone dragon (Depths:2)
  2 Tzitzimimeh
  3 doom hounds (Depths:4)
  Jorgrun (D:12)
  Rupert (D:14)
  A walking earthen tome (Depths:4)
  4 liches
  A deep elf blademaster (Elf:3)
  Grunn (Depths:3)
  2 quicksilver dragons
  A walking frostbound tome (Depths:2)
  A walking divine tome (Depths:3)
  A deep elf master archer (Elf:3)
  2 shadow dragons (Depths:3)
  Gastronok (D:9)
  2 krakens
  2 tengu reavers
  3 sphinxes
  Roxanne (Shoals:2)
  22 acid blobs
  Kirke (Shoals:1)
  Agnes (D:14)
  Ilsuiw (Shoals:2)
  A draconian monk (Depths:4)
  9 rockslimes
  4 storm dragons
  12 azure jellies
  3 fire giants (Depths:3)
  7 frost giants
  2 orc warlords
  5 deep elf sorcerers (Elf:3)
  A balrug (Depths:4)
  11 vault wardens
  Aizul (Snake:3)
  A ghost moth (Zot:2)
  A draconian stormcaller (Depths:4)
  13 ironbound preservers
  7 deep elf elementalists
  A spriggan defender (Depths:1)
  A draconian shifter (Depths:4)
  A draconian annihilator (Zot:2)
  7 quicksilver oozes
  8 stone giants
  11 very ugly things
  8 ironbound thunderhulks
  2 grey draconians (Depths:4)
  The ghost of Seidenschwarz the Severer, a journeyman MiFi of Okawaru (Orc:2)
  6 deep elf demonologists
  Nessos (D:14)
  4 putrid mouths
  4 vampire knights
  2 green draconians (Depths:4)
  2 black draconians
  A spark wasp (shapeshifter) (D:15)
  3 purple draconians
  2 entropy weavers
  3 white draconians
  7 deep elf annihilators (Elf:3)
  11 dire elephants
  8 spark wasps
  9 deep elf death magi
  A green death (Depths:2)
  5 merfolk javelineers
  Josephine (D:14)
  8 ettins
  8 merfolk impalers
  7 fire dragons
  3 deep elf high priests (Elf:3)
  A spriggan zombie (Depths:2)
  11 yaktaur captains
  Fannar (Lair:2)
  14 ice dragons
  Erolcha (D:12)
  6 great orbs of eyes
  10 vault guards
  5 boulder beetles
  3 salamander tyrants
  3 spriggan air magi
  7 hydras
  11 ironbound frosthearts
  4 two-headed ogres
  5 merfolk aquamancers
  2 catoblepae
  A death knight (D:15)
  17 anacondas
  3 centaur warriors
  11 naga warriors
  14 dancing weapons
  6 merfolk avatars
  2 satyrs
  13 deep troll shamans
  8 death yaks
  6 spriggan berserkers
  8 tengu warriors
  A vampire mage (Depths:2)
  Urug (D:14)
  21 naga sharpshooters
  2 soul eaters
  5 deep troll earth magi
  A storm dragon zombie (Depths:2)
  6 orc high priests
  Sonja (Lair:2)
  9 shock serpents
  17 deep elf knights
  6 sun demons
  A sixfirhy (Depths:3)
  10 salamander mystics
  2 fire crabs (Shoals:4)
  A golden dragon zombie (Depths:2)
  9 iron trolls
  11 sea snakes
  2 flayed ghosts (Depths:2)
  8 naga ritualists
  Lodul (D:14)
  A tengu zombie (Vaults:3)
  3 swamp dragons (Depths:4)
  4 phantasmal warriors
  2 glowing orange brains
  A kraken simulacrum (Shoals:2)
  48 deep trolls
  9 wizards
  26 deep elf archers
  7 orc knights
  13 harpies
  33 deep elf zephyrmancers
  10 lindwurms
  6 oklob plants
  18 ugly things
  37 deep elf pyromancers
  A human zombie (Vaults:3)
  2 shining eyes
  15 ironbound convokers
  3 necromancers
  A wolf spider zombie (D:15)
  4 moths of wrath
  12 mana vipers
  2 salamanders (shapeshifter)
  11 manticores
  8 orc sorcerers
  15 fauns
  9 merfolk sirens
  A fire giant zombie (Depths:2)
  A human skeleton (Vaults:3)
  35 salamanders
  A cyclops (D:14)
  An elephant (shapeshifter) (Elf:2)
  6 water nymphs
  5 guardian serpents
  2 rust devils
  17 naga magi
  19 vault sentinels
  32 black mambas
  A smoke demon (D:11)
  Joseph (D:10)
  Maurice (D:12)
  An orange demon (D:11)
  An unseen horror (D:10)
  A torpor snail (Lair:5)
  A centaur skeleton (D:15)
  A gargoyle (D:12)
  3 kobold demonologists (D:12)
  10 cane toads
  4 rime drakes
  2 efreet
  7 komodo dragons
  15 yaktaurs
  2 hellions
  Maggie (Lair:2)
  4 freezing wraiths
  Psyche (D:8)
  2 ice devils
  4 tengu conjurers
  A hellwing (D:11)
  A yaktaur skeleton (Vaults:3)
  A tormentor (D:15)
  3 meliai
  A queen bee (D:10)
  9 polar bears
  13 trolls
  2 red devils
  14 hornets
  49 merfolk
  99 slime creatures
  10 wind drakes
  A frost giant simulacrum (Vaults:3)
  3 dream sheep (Lair:5)
  13 snapping turtles
  18 blink frogs
  7 centaur simulacra
  A shadow (D:9)
  11 wyverns
  20 spriggans
  6 air elementals
  2 culicivoras
  A fire bat (Shoals:4)
  16 humans
  18 water elementals
  10 wraiths
  56 yaks
  A golden eye (Slime:5)
  7 basilisks
  3 chaos spawn
  5 hogs (Shoals:1)
  2 alligator snapping turtle simulacra (Shoals:2)
  4 fire elementals
  4 neqoxecs
  2 death yak simulacra (Shoals:2)
  2 sea snake simulacra (Shoals:2)
  2 redbacks (Vaults:3)
  3 vampire mosquitoes (D:12)
  3 harpy simulacra
  8 wargs
  39 nagas
  17 water moccasins
  An acid dragon (shapeshifter) (D:15)
  2 floating eyes
  A meliai simulacrum (D:15)
  A sky beast (D:7)
  29 orc warriors
  4 black bears
  An ice beast (D:5)
  A satyr simulacrum (Shoals:2)
  4 boggarts
  21 wolves
  14 ogres
  5 centaurs
  7 kobold brigands
  14 bullfrogs
  2 gnoll sergeants
  A scorpion (D:4)
  2 necrophages (D:7)
  A cane toad simulacrum (IceCv)
  2 merfolk simulacra (Shoals:2)
  An earth elemental (Elf:3)
  12 wights
  23 killer bees (D:10)
  2 snapping turtle simulacra (Shoals:2)
  An elephant simulacrum (IceCv)
  3 manticore simulacra (Shoals:2)
  5 electric eels
  4 howler monkeys
  5 quasits (D:11)
  3 jellies
  A gnoll bouda (D:4)
  15 orc priests
  2 cyclops simulacra (Shoals:2)
  2 hounds (D:5)
  3 iguanas (D:4)
  15 orc wizards
  A polar bear simulacrum (IceCv)
  12 gnolls
  8 adders
  A white imp (D:7)
  3 ufetubi
  A worm (D:4)
  2 dart slugs
  58 orcs
  3 ball pythons
  8 endoplasms
  3 giant cockroaches
  7 goblins
  5 hobgoblins
  6 quokkas
  7 bats
  2 frilled lizards (D:1)
  45 kobolds
  4 rats
  A butterfly (Lair:5)
  5 tentacles
1936 creatures vanquished.

Vanquished Creatures (collateral kills)
  An electric golem (Zot:5)
  An Orb Guardian (Zot:5)
  2 quicksilver dragons
  A death cob (Zot:2)
  2 draconian monks
  A draconian shifter (Zot:1)
  A green draconian (Zot:4)
  A red draconian (Zot:4)
  3 purple draconians
  A black draconian (Zot:4)
  3 moths of wrath
17 creatures vanquished.

Vanquished Creatures (others)
  An orb of fire (Zot:5)
  6 Orb Guardians (Zot:5)
  A quicksilver dragon (Zot:2)
  2 draconian monks (Zot:1)
  A draconian scorcher (Zot:5)
  A draconian shifter (Zot:1)
  2 white draconians (Zot:1)
  A yellow draconian (Zot:5)
  A deep elf knight (Elf:1)
  A sea snake (Shoals:1)
  A deep elf pyromancer (Elf:3)
  3 moths of wrath
  A human (Shoals:1)
  4 bushes (D:10)
  8 demonic plants (D:11)
  451 foxfires
  331 fulminant prisms
  122 fungi
  131 plants
  20 tentacles
1089 creatures vanquished.

Grand Total: 3042 creatures vanquished

Notes
Turn   | Place    | Note
-------+----------+-------------------------------------------
     0 | D:1      | SuperSeabass the Ogre Wanderer began the quest for the Orb.
     0 | D:1      | SuperSeabass set off with the following items: a +0 hand
                  | axe, a +0 cloak, a scroll of teleportation, a +0 robe; and
                  | the following spell memorised: Foxfire; and the following
                  | spells available to memorise: Hailstorm, Sticky Flame.
     0 | D:1      | Reached XP level 1. HP: 19/19 MP: 2/2
   290 | D:1      | Reached XP level 2. HP: 27/27 MP: 3/3
   395 | D:1      | Reached skill level 1 in Fire Magic
  1067 | D:2      | Reached XP level 3. HP: 33/33 MP: 0/4
  1107 | D:2      | Found a shimmering altar of Xom.
  1421 | D:2      | Reached XP level 4. HP: 38/41 MP: 4/6
  1464 | D:2      | Found a faded altar of an unknown god.
  2035 | D:3      | Reached XP level 5. HP: 41/48 MP: 5/9
  2394 | D:3      | Reached skill level 1 in Ice Magic
  2394 | D:3      | Reached XP level 6. HP: 55/55 MP: 4/10
  3064 | D:4      | Reached XP level 7. HP: 49/62 MP: 6/12
  3266 | D:4      | Found a shimmering altar of Xom.
  3357 | D:4      | Reached skill level 5 in Conjurations
  4170 | D:5      | Entered Level 5 of the Dungeon
  4342 | D:5      | Found an ancient bone altar of Kikubaaqudgha.
  4352 | D:5      | Reached XP level 8. HP: 70/70 MP: 8/14
  4399 | D:5      | Found a stormy altar of Qazlal.
  4559 | D:5      | Found a hide-covered altar of Uskayaw.
  4677 | D:5      | Learned a level 4 spell: Sticky Flame
  4681 | D:5      | Learned a level 3 spell: Ozocubu's Armour
  5067 | D:5      | Found a sacrificial altar of Ru.
  5068 | D:5      | Found an opulent altar of Gozag.
  5085 | D:5      | Became a worshipper of Gozag Ym Sagoz the Greedy
  5100 | D:5      | Reached skill level 5 in Fire Magic
  5141 | D:5      | Found a shimmering blue altar of Sif Muna.
  5146 | D:5      | Found an iron altar of Okawaru.
  5146 | D:5      | Found a hazy altar of Hepliaklqana.
  5157 | D:5      | Found a broken altar of Ashenzari.
  5160 | D:5      | Found a basalt altar of Yredelemnul.
  5526 | D:6      | Reached skill level 5 in Spellcasting
  6195 | D:6      | Reached XP level 9. HP: 62/74 MP: 8/17
  6243 | D:6      | Learned a level 4 spell: Hailstorm
  6493 | D:7      | Found a staircase to the Ecumenical Temple.
  7067 | D:7      | Found a sparkling altar of Nemelex Xobeh.
  7447 | D:8      | Noticed a hornet
  7614 | D:8      | Killed a hornet
  7622 | D:8      | Noticed Psyche
  7630 | D:8      | Killed Psyche
  7673 | D:8      | Reached skill level 5 in Ice Magic
  7800 | D:8      | Reached XP level 10. HP: 69/84 MP: 6/20
  8528 | D:8      | Learned a level 2 spell: Searing Ray
  8650 | D:9      | Noticed a two-headed ogre
  9463 | D:9      | Noticed Gastronok
  9547 | D:10     | Entered Level 10 of the Dungeon
  9663 | D:10     | Found a staircase to the Orcish Mines.
  9677 | D:10     | Found a burning altar of Makhleb.
  9697 | D:10     | Found a radiant altar of Vehumet.
  9697 | D:10     | Found a snail-covered altar of Cheibriados.
  9734 | D:10     | Noticed Joseph
  9746 | D:10     | Killed Joseph
  9906 | D:10     | Found a staircase to the Lair.
  9919 | D:10     | Noticed a two-headed ogre
  9989 | D:10     | Reached skill level 10 in Conjurations
  9999 | D:10     | Learned a level 4 spell: Fulminant Prism
 10129 | D:10     | Killed a two-headed ogre
 10130 | D:10     | Reached XP level 11. HP: 82/91 MP: 9/24
 10449 | D:10     | Found a glowing golden altar of the Shining One.
 10557 | D:10     | Noticed a two-headed ogre
 10863 | D:10     | Killed a two-headed ogre
 10940 | D:10     | Reached skill level 10 in Spellcasting
 10966 | D:10     | Reached skill level 1 in Hexes
 11190 | D:10     | Found Muts's Armour Emporium.
 11197 | D:10     | Identified the +11 war axe "Xenesany" {venom, Int+4}
 11340 | D:10     | Reached skill level 2 in Fighting
 11358 | D:10     | Reached skill level 1 in Earth Magic
 11668 | D:11     | Reached skill level 3 in Fighting
 11842 | D:11     | Noticed a soul eater
 12094 | D:9      | Reached skill level 1 in Transmutations
 12133 | D:9      | Killed a two-headed ogre
 12348 | D:9      | Killed Gastronok
 12349 | D:9      | Reached skill level 4 in Fighting
 12349 | D:9      | Reached XP level 12. HP: 72/107 MP: 12/26
 12834 | Lair:1   | Entered Level 1 of the Lair of Beasts
 13055 | Lair:1   | Reached skill level 5 in Fighting
 13433 | Lair:1   | Reached skill level 6 in Fighting
 14772 | Lair:2   | Noticed Fannar
 14784 | Lair:2   | Killed Fannar
 14842 | Lair:2   | Reached skill level 7 in Fighting
 15045 | Lair:2   | Noticed Maggie
 15069 | Lair:2   | Killed Maggie
 15084 | Lair:2   | Reached skill level 5 in Dodging
 15132 | Lair:2   | Noticed Sonja
 15438 | Lair:2   | Killed Sonja
 15439 | Lair:2   | Reached skill level 1 in Shields
 15781 | Lair:2   | Reached skill level 8 in Fighting
 15874 | Lair:2   | Reached XP level 13. HP: 127/127 MP: 18/27
 17062 | Lair:3   | Reached skill level 9 in Fighting
 17667 | Lair:3   | Found a staircase to the Shoals.
 17870 | Lair:3   | Found a staircase to the Snake Pit.
 19090 | Lair:4   | Found a staircase to the Slime Pits.
 19136 | Lair:4   | Found a viscous altar of Jiyva.
 19180 | Lair:5   | Entered Level 5 of the Lair of Beasts
 19189 | Lair:5   | Reached skill level 5 in Shields
 19199 | Lair:4   | Reached skill level 10 in Fighting
 19611 | Lair:5   | Reached skill level 5 in Stealth
 19883 | Lair:5   | Reached XP level 14. HP: 62/143 MP: 15/28
 21385 | Lair:5   | Identified the ring of Ibaaruk {Contam rElec rPois Str+2
                  | Int+6}
 23049 | D:11     | Identified the +0 ring mail of Fortitude {-Tele rElec
                  | Regen+ Stlth-}
 23396 | D:11     | Gained mutation: You are dopey. (Int -2) [a neqoxec]
 23928 | Orc:1    | Entered Level 1 of the Orcish Mines
 24368 | Orc:1    | Found a runed translucent gate.
 24368 | Orc:1    | Found a runed translucent gate.
 24368 | Orc:1    | Found a runed translucent gate.
 24483 | Orc:1    | Identified the ring of the Raven {+Blink Slay+4}
 24487 | Orc:1    | Noticed Seidenschwarz's ghost (journeyman MiFi)
 24549 | Orc:2    | Entered Level 2 of the Orcish Mines
 24653 | Orc:2    | Noticed an orc warlord
 24925 | Orc:2    | Reached skill level 10 in Dodging
 25136 | Orc:2    | Found Teented's Jewellery Emporium.
 25297 | Orc:1    | Reached skill level 10 in Shields
 25736 | Orc:2    | Found Cietijas's Antique Armour Emporium.
 25760 | Orc:2    | Found Iklummeh's General Store.
 26190 | Orc:2    | Reached XP level 15. HP: 149/149 MP: 24/29
 26196 | Orc:2    | Learned a level 5 spell: Lee's Rapid Deconstruction
 26298 | Orc:2    | Found Piguru Xilum's Antique Weapon Boutique.
 26306 | Orc:2    | Reached skill level 5 in Earth Magic
 26413 | Orc:2    | Bought a smoking war axe for 246 gold pieces
 26413 | Orc:2    | Identified the +1 war axe of the Ten Interlopers {vamp, rC+
                  | Str+4 Dex-3} (You bought it in a shop on level 2 of the
                  | Orcish Mines)
 26427 | Orc:2    | Bought a scroll of enchant weapon for 112 gold pieces
 26427 | Orc:2    | Bought a scroll of identify for 30 gold pieces
 26608 | Orc:2    | Found a staircase to the Elven Halls.
 26836 | Orc:2    | Killed an orc warlord
 26983 | Orc:2    | Bought a ring of resist corrosion for 280 gold pieces
 26983 | Orc:2    | Bought the ring of Gurchiho {Dex+4 SInv} for 425 gold
                  | pieces
 27434 | D:12     | Found a frozen archway.
 27449 | IceCv    | Entered an ice cave
 27497 | IceCv    | Found a transporter.
 27517 | IceCv    | Found a transporter.
 27918 | D:12     | Reached skill level 11 in Fighting
 27953 | D:12     | Got Sif Muna's Volume of Hoarfrost
 27960 | D:12     | Learned a level 5 spell: Freezing Cloud
 28022 | D:12     | Noticed Erolcha
 28039 | D:12     | Killed Erolcha
 28115 | D:12     | Noticed Maurice
 28118 | D:12     | Killed Maurice
 28146 | D:12     | Noticed Jorgrun
 28175 | D:12     | Killed Jorgrun
 28328 | D:12     | Identified the +1 cloak "Dawebe" {rN+}
 29026 | D:14     | Noticed Rupert
 29026 | D:14     | Noticed Nessos
 29026 | D:14     | Noticed Urug
 29026 | D:14     | Noticed Agnes
 29026 | D:14     | Found a gate to the Vaults.
 29093 | D:14     | Found an ancient bone altar of Kikubaaqudgha.
 29103 | D:14     | Identified the +5 scale mail of the First Curses {-Cast
                  | rElec Will+}
 29217 | D:14     | Killed Nessos
 29218 | D:14     | Reached skill level 1 in Air Magic
 29455 | D:14     | Noticed Josephine
 29478 | D:14     | Killed Josephine
 29845 | D:14     | Killed Urug
 29899 | D:14     | Killed Agnes
 30345 | D:14     | Killed Rupert
 31277 | D:14     | Reached skill level 12 in Fighting
 31392 | D:14     | Noticed Lodul
 31401 | D:14     | Killed Lodul
 31902 | D:14     | Found a broken altar of Ashenzari.
 32488 | D:15     | Entered Level 15 of the Dungeon
 32506 | D:14     | Reached XP level 16. HP: 70/165 MP: 24/30
 35218 | D:15     | Found a staircase to the Depths.
 35229 | D:15     | Learned a level 6 spell: Iron Shot
 35462 | Snake:1  | Entered Level 1 of the Snake Pit
 36154 | Snake:1  | Reached skill level 5 in Transmutations
 38801 | Snake:2  | Reached skill level 13 in Fighting
 39782 | Snake:3  | Noticed Vashnia
 39784 | Snake:3  | Reached XP level 17. HP: 176/176 MP: 2/31
 39842 | Snake:2  | Reached skill level 10 in Earth Magic
 40615 | Snake:3  | Noticed Mara
 41194 | Snake:3  | Identified the +2 quarterstaff of Zorit {vorpal, Contam
                  | rElec Int+5}
 41385 | Snake:3  | Killed Mara
 41410 | Snake:3  | Noticed Aizul
 41421 | Snake:3  | Killed Aizul
 42782 | Snake:3  | Killed Vashnia
 43887 | Snake:4  | Entered Level 4 of the Snake Pit
 44056 | Snake:4  | Found Werr's General Store.
 44058 | Snake:4  | Found Duovi's Magic Scroll Emporium.
 44064 | Snake:4  | Bought a scroll of blinking for 82 gold pieces
 44064 | Snake:4  | Bought a potion of haste for 110 gold pieces
 44064 | Snake:4  | Bought a potion of curing for 33 gold pieces
 44069 | Snake:4  | Bought a scroll of fear for 56 gold pieces
 44069 | Snake:4  | Bought a scroll of butterflies for 56 gold pieces
 44074 | Snake:4  | Found Pufet's Jewellery Shoppe.
 44074 | Snake:4  | Found Qyakios's Weapon Boutique.
 44132 | Snake:4  | Bought a ring of willpower for 525 gold pieces
 44998 | Snake:4  | Reached skill level 14 in Fighting
 45217 | Snake:4  | Learned a level 6 spell: Statue Form
 45396 | Snake:4  | Reached XP level 18. HP: 189/189 MP: 17/32
 47446 | Snake:4  | Got a serpentine rune of Zot
 47760 | Shoals:1 | Entered Level 1 of the Shoals
 47994 | Shoals:1 | Noticed Kirke
 48009 | Shoals:1 | Killed Kirke
 48193 | Shoals:1 | Noticed Nikola
 48218 | Shoals:1 | Killed Nikola
 49261 | Shoals:2 | Found Vuless's Book Boutique.
 49501 | Shoals:2 | Found a runed translucent gate.
 49501 | Shoals:2 | Found a runed translucent gate.
 49501 | Shoals:2 | Found a runed translucent gate.
 49654 | Shoals:2 | Noticed Roxanne
 50384 | Shoals:2 | Noticed Ilsuiw
 51608 | Shoals:2 | Killed Ilsuiw
 52735 | Shoals:3 | Found Wioduffu's Overcharged Wands.
 53513 | Shoals:3 | Reached XP level 19. HP: 200/200 MP: 16/34
 53524 | Shoals:3 | Learned a level 3 spell: Swiftness
 54365 | Shoals:4 | Entered Level 4 of the Shoals
 54550 | Shoals:4 | Reached skill level 10 in Transmutations
 55311 | Shoals:4 | Reached skill level 15 in Fighting
 56323 | Shoals:4 | Identified the +9 shortbow of Propriety {freeze, rPois rN+
                  | Str+3}
 56442 | Shoals:4 | Got a barnacled rune of Zot
 56749 | Shoals:4 | Identified the +0 helmet of the Known World {Fly rElec
                  | rPois Int+3}
 57017 | Shoals:4 | Identified the ring of Hard Scrabble {rC+ rN+ EV+4 Int+4
                  | Stlth+}
 58777 | Shoals:1 | Learned a level 5 spell: Yara's Violent Unravelling
 58972 | Vaults:1 | Entered Level 1 of the Vaults
 60648 | Vaults:1 | Reached XP level 20. HP: 211/211 MP: 29/36
 60933 | Vaults:1 | Found a runed translucent gate.
 60933 | Vaults:1 | Found a runed translucent gate.
 60933 | Vaults:1 | Found a runed translucent gate.
 60936 | Vaults:1 | Noticed growler's ghost (adept MfTm)
 62998 | Vaults:2 | Identified the +0 cloak "Jok Lauq" {Rampage +Blink Will-
                  | Stlth+}
 63615 | Vaults:2 | Found a staircase to the Crypt.
 64942 | Vaults:2 | Reached skill level 16 in Fighting
 66456 | Vaults:3 | Identified the +7 hand axe of Dithrefit {vorpal, rC+ Str+2}
 66485 | Vaults:3 | Reached skill level 15 in Conjurations
 66612 | Vaults:3 | Found Cotzeyr's Book Shop.
 66695 | Vaults:3 | HP: 9/213 [boulder beetle (27)]
 67350 | Vaults:3 | Reached XP level 21. HP: 195/222 MP: 25/37
 67470 | Vaults:3 | Found a transporter.
 67488 | Vaults:3 | Identified the ring of Lonioc {rF+ Int+4 Dex+7}
 67492 | Vaults:3 | Found a transporter.
 68575 | Vaults:4 | Reached skill level 5 in Axes
 71719 | Depths:1 | Entered Level 1 of the Depths
 71766 | Depths:1 | Found a flickering gateway to a bazaar.
 71778 | Bazaar   | Entered a bazaar
 71778 | Bazaar   | Found Noruawku's General Store.
 71778 | Bazaar   | Found Fuadadis's Book Shop.
 71785 | Bazaar   | Bought a book of Party Tricks for 240 gold pieces
 71793 | Bazaar   | Bought a scroll of blinking for 127 gold pieces
 71793 | Bazaar   | Bought a potion of heal wounds for 85 gold pieces
 71796 | Bazaar   | Found Mylloink's Distillery.
 71807 | Bazaar   | Found Webett's Antique Armour Boutique.
 71815 | Bazaar   | Found Toamec's Antique Weapon Boutique.
 71857 | Bazaar   | Bought a potion of might for 44 gold pieces
 71857 | Bazaar   | Bought a potion of brilliance for 44 gold pieces
 71857 | Bazaar   | Bought a potion of heal wounds for 55 gold pieces
 71857 | Bazaar   | Bought a potion of heal wounds for 55 gold pieces
 71857 | Bazaar   | Bought a potion of mutation for 88 gold pieces
 71857 | Bazaar   | Bought a potion of might for 44 gold pieces
 71857 | Bazaar   | Bought a potion of cancellation for 88 gold pieces
 71857 | Bazaar   | Bought a potion of brilliance for 44 gold pieces
 71857 | Bazaar   | Bought a potion of might for 44 gold pieces
 71857 | Bazaar   | Bought 2 potions of might for 88 gold pieces
 71868 | Bazaar   | Bought a shiny kite shield for 165 gold pieces
 72516 | Depths:1 | Reached skill level 5 in Hexes
 73451 | Depths:1 | Found a gateway to Hell.
 73614 | Depths:1 | Found a one-way gateway to a ziggurat.
 74989 | Depths:2 | Found a bloodstained altar of Trog.
 75175 | Depths:2 | Found a shimmering altar of Xom.
 75965 | Depths:2 | Found Gemp's Jewellery Boutique.
 76056 | Depths:2 | Reached skill level 17 in Fighting
 76398 | Depths:2 | Reached skill level 15 in Earth Magic
 76563 | Depths:2 | Reached XP level 22. HP: 210/235 MP: 22/39
 76761 | Depths:2 | Noticed a golden dragon
 76930 | Depths:2 | Killed a golden dragon
 77352 | Depths:2 | Found a one-way gate leading to the halls of Pandemonium.
 77545 | Depths:3 | Noticed a golden dragon
 77552 | Depths:3 | Killed a golden dragon
 77855 | Depths:3 | You fall into a shaft and drop 1 floor!
 77855 | Depths:4 | Entered Level 4 of the Depths
 77960 | Depths:4 | Found Kykkaval's Antique Weapon Shop.
 77990 | Depths:4 | Noticed Vv
 78002 | Depths:4 | Killed Vv
 78487 | Depths:4 | Noticed a juggernaut
 78503 | Depths:4 | Killed a juggernaut
 78769 | Depths:4 | Reached skill level 15 in Shields
 78857 | Depths:4 | Noticed Mennas
 79186 | Depths:3 | Found a one-way gate to the infinite horrors of the Abyss.
 80154 | Depths:3 | Found a sacrificial altar of Ru.
 81442 | Depths:4 | Found Yqeb's Book Emporium.
 81444 | Depths:4 | Found Segafus's Jewellery Shop.
 81445 | Depths:4 | Found Goruf's Book Emporium.
 81451 | Depths:4 | Bought a book of Unlife for 396 gold pieces
 81451 | Depths:4 | Bought a book of Spectacle for 352 gold pieces
 81457 | Depths:4 | Learned a level 5 spell: Borgnjor's Vile Clutch
 81461 | Depths:4 | Bought the Handbook of the Crystalline Winter for 680 gold
                  | pieces
 81464 | Depths:4 | Learned a level 2 spell: Passwall
 81788 | Depths:4 | Noticed Grunn
 82198 | Depths:2 | Reached skill level 18 in Fighting
 83021 | Depths:3 | Killed Grunn
 83359 | Depths:4 | Found Cuametach's Weapon Shop.
 83496 | Depths:4 | Killed Mennas
 83776 | Depths:4 | Reached XP level 23. HP: 243/243 MP: 24/41
 83931 | Depths:4 | Found a portal to a secret trove of treasure.
 85139 | Depths:4 | Noticed a golden dragon
 85191 | Depths:4 | Killed a golden dragon
 85419 | Depths:4 | Found a gate to the Realm of Zot.
 85856 | Elf:1    | Entered Level 1 of the Elven Halls
 85874 | Orc:2    | Reached skill level 15 in Spellcasting
 85976 | Elf:1    | Reached skill level 1 in Necromancy
 86023 | Orc:2    | Learned a level 4 spell: Iskenderun's Mystic Blast
 87393 | Elf:1    | Reached skill level 19 in Fighting
 87922 | Elf:2    | Reached skill level 1 in Translocations
 88218 | Elf:2    | Found a runed translucent gate.
 88219 | Elf:2    | Found a runed translucent gate.
 88219 | Elf:2    | Found a runed translucent gate.
 88293 | Elf:2    | Paralysed by an air elemental for 1 turns
 88297 | Elf:2    | Paralysed by an air elemental for 1 turns
 88452 | Elf:2    | Found Biyqum's Jewellery Shoppe.
 88453 | Elf:2    | Found Dimy Zaa's Weapon Emporium.
 88453 | Elf:2    | Found Jergh's General Store.
 88577 | Elf:2    | Found Lowuoc's Antique Weapon Emporium.
 88689 | Elf:2    | Found Yfron's Gadget Gallery.
 88844 | Elf:3    | Entered Level 3 of the Elven Halls
 88913 | Elf:3    | Found Xaxy's Antique Armour Shoppe.
 88994 | Elf:3    | Paralysed by an air elemental for 1 turns
 89272 | Elf:3    | Reached skill level 10 in Axes
 90545 | Elf:3    | Reached XP level 24. HP: 246/262 MP: 29/42
 90752 | Elf:3    | Identified the ring of Utinutt {rF- Str+5 Int+6}
 90764 | Elf:3    | Identified the +3 dagger of Wojofeir {drain, rF+ Str+5}
 90784 | Elf:3    | Identified the +8 glaive of Blood {holy, rElec rCorr}
 92658 | Shoals:2 | Got Sif Muna's Catalogue of Rime and Transposition
 92659 | Shoals:2 | Identified the ring "Ryenwo Lacw" {Wiz rElec rF+ Will+
                  | Str-5}
 92664 | Shoals:2 | Identified the +1 quarterstaff of a bailey {freeze, rN+++
                  | Will+ Dex-5 SInv}
 92718 | Shoals:2 | Killed Roxanne
 93005 | Orc:2    | Killed Seidenschwarz's ghost
 93712 | Slime:1  | Entered Level 1 of the Pits of Slime
 93737 | Slime:1  | Reached skill level 20 in Fighting
 97452 | Slime:5  | Entered Level 5 of the Pits of Slime
 98816 | Slime:5  | Found a viscous altar of Jiyva.
 99008 | Slime:5  | Noticed the Royal Jelly
 99019 | Slime:5  | Killed the Royal Jelly
 99656 | Slime:5  | Found the +7 captain's cutlass {speed, disarm}
 99667 | Slime:5  | Got a slimy rune of Zot
 99668 | Slime:5  | Identified the +7 whip "Yrejaef" {freeze, Fragile rC++
                  | Int+3}
 99711 | Slime:5  | Identified the +4 lajatang of the Fool {flame, Int+2 Dex+2}
 99736 | Slime:5  | Learned a level 5 spell: Irradiate
 99736 | Slime:5  | Identified the amulet "Iqerruqe" {Faith rF+ Slay+5}
100326 | Zot:1    | Entered Level 1 of the Realm of Zot
100399 | Zot:2    | Noticed a curse toe
100590 | Zot:2    | Reached XP level 25. HP: 247/276 MP: 22/44
100948 | Zot:2    | Noticed an orb of fire
101252 | Zot:3    | Reached skill level 21 in Fighting
101339 | Zot:5    | Entered Level 5 of the Realm of Zot
101607 | Zot:5    | Noticed an ancient lich
101617 | Zot:5    | Noticed an orb of fire
101618 | Zot:5    | Noticed an orb of fire
101618 | Zot:5    | Noticed a Killer Klown
101620 | Zot:5    | Noticed an orb of fire
101620 | Zot:5    | Noticed a Killer Klown
101621 | Zot:5    | Noticed an orb of fire
101654 | Zot:5    | Noticed an orb of fire
101656 | Zot:5    | Got the Orb of Zot
101678 | Zot:5    | Killed an orb of fire
102209 | D:3      | Noticed Riqynk the pandemonium lord
102258 | D:1      | Noticed Metsikio the pandemonium lord
102261 | D:$      | Escaped with the Orb!

Illustrated notes

Levels and vault maps discovered:
D:1:      kennysheep_arrival_forest, layout_basic
D:2:      layout_rooms, basic_altar, basic_ecumenical_altar
D:3:      layout_basic
D:4:      layout_basic, mainiacjoe_overflow_surrounded_room,
          kennysheep_small_circle
D:5:      layout_cave_pools, lemuel_crystal_altar, grunt_temple_overflow_open,
          eat_drink_and_be_merry_uskayaw, grunt_qazlal_sundering,
          minmay_overflow_temple_star_hex, nicolae_figureground_pulse
D:6:      layout_rooms, minmay_microvault
D:7:      layout_rooms, nemelex_diamond_rough_becter,
          minmay_temple_entry_statues_fountains
D:8:      layout_basic, uniq_psyche
D:9:      layout_basic, minmay_misc_feat_iff, uniq_gastronok
D:10:     layout_rooms, nicolae_tso_swordbearing_angel, bloody_makhleb,
          mainiacjoe_overflow_divided_tiny, minmay_lair_entry_grove,
          serial_shops, kennysheep_little_box, special_room [special_room_bee],
          enter_bailey_2, uniq_joseph
D:11:     layout_irregular_city, serial_demonic, serial_demonic_a,
          serial_demonic_f, serial_demonic_g, serial_demonic_b,
          serial_demonic_f, serial_demonic_e, serial_demonic_g,
          serial_demonic_a, serial_demonic_e, serial_demonic_b
D:12:     layout_roguey, portal_ice_cave_entry_pillars_1, uniq_erolcha,
          uniq_jorgrun, uniq_maurice
D:13:     layout_roguey
D:14:     lemuel_troll_bridge, layout_rooms, david_vaults_3,
          nicolae_kikubaaqudgha_miasma_corner, kennysheep_small_spiral,
          ashenzari_altar_1, uniq_josephine, uniq_lodul, uniq_agnes
D:15:     grunt_enter_depths_magical_seal, layout_long_grid
Lair:1:   layout_layer_cave, st_stairs_12, serial_bayou_lagoon_b
Lair:2:   layout_chaotic_city, infiniplex_staircase_pool_2, uniq_sonja,
          uniq_fannar, uniq_maggie
Lair:3:   layout_gridlike, minmay_shoals_entry_hut,
          minmay_snake_entry_guardpost_medium, infiniplex_staircase_pool
Lair:4:   layout_loops_ring, minmay_slime_entry_oklob_open, beast_lair_carwin_3,
          lemuel_fruit_tree
Lair:5:   minmay_lair_end_enchanted_forest, layout_hall_layers,
          serial_bayou_pond_d, lemuel_fruit_fields
Shoals:1: layout_shoals, uniq_kirke, uniq_nikola
Shoals:2: layout_shoals, serial_shops, nicolae_square_shop,
          nicolae_shoals_beach_cooler, uniq_ilsuiw, uniq_roxanne
Shoals:3: layout_shoals, nicolae_shop_overcharged_wands
Shoals:4: shoals_end_simple, layout_shoals, hangedman_shoal_volcano
Snake:1:  layout_cave_pods, nicolae_triple_integral
Snake:2:  layout_chambers, nicolae_elevator_lobby_plus
Snake:3:  layout_cave_town, nicolae_snake_salamander_fort, serial_bayou_shore_a,
          grunt_megastairs_1, uniq_vashnia, uniq_aizul, uniq_mara
Snake:4:  snake_pit_salamanders_mu, layout_cave_pods,
          nicolae_snake_serpentine_bazaar
Slime:1:  layout_caves
Slime:2:  layout_caves, amcnicky_altar_lugonu_corruption
Slime:3:  layout_caves, cheibrodos_slime_lost_civilization_4
Slime:4:  layout_caves
Slime:5
Orc:1:    layout_caves, biasface_ghost_orc_armoury
Orc:2:    grunt_orc_gardens, layout_diamond_mine, grunt_orc_garden,
          grunt_orc_garden, grunt_orc_garden, grunt_orc_garden, nooodl_orcs_dogs
Elf:1:    minmay_elf_arrival_plus, layout_loops_corners, minivault_28
Elf:2:    nicolae_elf_blades_crystal_corner, layout_gridlike,
          nicolae_shop_gadgets, minmay_shoptagon
Elf:3:    minmay_elf_hall_x, layout_geoelf_castle, elves_outpost_lemuel,
          minmay_shop_star
Vaults:1: gammafunk_ghost_necromancy, ontoclasm_vaults_bender,
          vaults_dpeg_emergency_exit, nicolae_vaults_lopsided_apartments,
          vaults_room_grunt_arrival_checkpoint,
          nicolae_vaults_windows_and_doors_thing, dpeg_vaults_monster_row,
          ontoclasm_vaults_decontamination, v_misc_27, vaults_room_pools,
          ontoclasm_vaults_spin, v_misc_12, vaults_dpeg_encased_lava,
          layout_vaults_ring
Vaults:2: grunt_vaults_swirl, nicolae_vaults_meeting, v_misc_8,
          minmay_crypt_entry_simple_sparse, hangedman_vaults_snaps, v_pattern_5,
          vaults_room_pool, layout_vaults_quadrants
Vaults:3: vaults_room_octagon, vaults_room_door_hall, gammafunk_sealed_arena,
          grunt_vaults_focal, nicolae_vaults_big_ls, v_pattern_4,
          ontoclasm_vaults_claustrophobia, vaults_mumra_hex,
          ontoclasm_vaults_chip, vaults_dpeg_diagonal, hangedman_vaults_locks,
          v_misc_8, layout_vaults_omnibox, serial_shops, shop_fountains
Vaults:4: vaults_room_large_hall, v_pattern_1, nicolae_vaults_network_periphery,
          dpeg_vaults_monster_box, nicolae_vaults_big_angled_halls, v_misc_22,
          nicolae_vaults_border_crossing, layout_vaults_chaotic_city
Depths:1: layout_gridville, enter_ziggurat_a, hangedman_geh_valley,
          serial_shops, bzr_entry_road, lemuel_flame_loot_1, grunt_megastairs_2
Depths:2: cheibrodos_salmonella, layout_cave_pools, xom_teletrap_fun,
          grunt_pan_entry_in_and_out, serial_shops, shop, hell_entry, tgw_trog
Depths:3: minmay_box_of_statues, layout_gridville, rand_demon_pan_entry_7,
          serial_sigils, serial_sigils_hangedman_leer,
          serial_sigils_hangedman_carve, serial_sigils_hangedman_gut,
          serial_sigils_hangedman_scar, serial_sigils_hangedman_writhe,
          serial_sigils_hangedman_shear, hell_entry, abyss_entry,
          chequers_serial_rivers_small_b, nicolae_ru_the_path_less_chosen
Depths:4: evilmike_zot_entry_gauntlet, layout_basic,
          nicolae_trove_entry_crystal, lightli_too_deep, serial_shops,
          shop_statue, nicolae_diamond_shop, minmay_shop_grove,
          serial_bayou_shore_b, uniq_josephina, uniq_mennas, uniq_vv, uniq_grunn
Zot:1:    layout_gridlike
Zot:2:    layout_misc_corridors
Zot:3:    gammafunk_dig_for_victory, layout_gridlike, zot_minivault_1
Zot:4:    layout_cathedral_of_symmetry
Zot:5:    layout_onion, kennysheep_underground_church

Skill      XL: |  1  2  3  4  5  6  7  8  9 10 11 12 13 14 15 16 17 18 19 20 21 22 23 24 25 |
---------------+----------------------------------------------------------------------------+-----
Fire Magic     | 1 2 3 4 5 6 |  6.0
Conjurations   | 4 5 6 8 10 11 12 13 14 15 16 | 16.0
Spellcasting   | 2 3 4 5 7 9 10 11 12 13 14 15 17 | 17.4
Ice Magic      | 1 2 3 5 6 8 |  8.0
Hexes          | 4 5 6 8 |  8.0
Fighting       | 4 8 10 12 13 14 15 16 17 18 19 20 21 | 21.2
Earth Magic    | 1 3 4 8 9 11 12 13 14 15 16 | 16.0
Dodging        | 2 5 8 10 11 12 13 | 13.7
Transmutations | 1 3 4 6 8 9 11 12 | 12.0
Stealth        | 2 3 5 6 |  6.0
Shields        | 2 6 10 11 12 13 14 15 | 15.0
Air Magic      | 3 4 |  4.7
Axes           | 4 6 8 10 11 12 | 12.4
Necromancy     | 3 |  3.0
Translocations | 1 |  1.5

Action                   |  1- 3 |  4- 6 |  7- 9 | 10-12 | 13-15 | 16-18 | 19-21 | 22-24 | 25-27 || total
-------------------------+-------+-------+-------+-------+-------+-------+-------+-------+-------++-------
Melee: Hand axe          |    31 |    11 |    96 |    80 |       |       |       |       |       ||   218
       Dagger            |     4 |    30 |       |       |       |       |       |       |       ||    34
       Punch             |     1 |     1 |     1 |       |       |       |       |       |       ||     3
       War axe           |       |       |       |    70 |   422 |   271 |   602 |   411 |    31 ||  1807
       Short sword       |       |       |       |       |     3 |       |       |       |       ||     3
       Trident           |       |       |       |       |       |     2 |       |       |       ||     2
Throw: Dart              |       |       |     1 |     2 |     1 |       |       |       |       ||     4
       Throwing net      |       |       |       |     1 |       |       |       |       |       ||     1
 Cast: Foxfire           |    35 |    80 |   144 |     7 |       |       |       |       |       ||   266
       Sticky Flame      |       |       |    32 |    61 |   102 |    81 |   123 |    57 |       ||   456
       Ozocubu's Armour  |       |       |    11 |    33 |    76 |    69 |    48 |     8 |       ||   245
       Hailstorm         |       |       |     2 |    11 |     9 |       |       |       |       ||    22
       Searing Ray       |       |       |       |    45 |    42 |     2 |       |       |       ||    89
       Fulminant Prism   |       |       |       |    72 |   235 |     7 |     6 |    11 |       ||   331
       Freezing Cloud    |       |       |       |       |    22 |   177 |    96 |    15 |       ||   310
       Lee's Rapid Decon |       |       |       |       |     6 |     9 |    45 |   206 |       ||   266
       Iron Shot         |       |       |       |       |       |   272 |   298 |   397 |    22 ||   989
       Statue Form       |       |       |       |       |       |     3 |    38 |    22 |       ||    63
       Yara's Violent Un |       |       |       |       |       |       |    19 |    85 |       ||   104
       Swiftness         |       |       |       |       |       |       |     2 |     3 |       ||     5
       Borgnjor's Vile C |       |       |       |       |       |       |       |    92 |    15 ||   107
       Iskenderun's Myst |       |       |       |       |       |       |       |    59 |     4 ||    63
       Passwall          |       |       |       |       |       |       |       |       |     3 ||     3
Invok: Potion Petition   |       |       |       |     1 |       |     2 |       |     1 |     1 ||     5
       Bribe Branch      |       |       |       |       |       |       |       |     2 |     3 ||     5
 Abil: End Transformatio |       |       |       |       |       |       |     2 |       |       ||     2
Evoke: Wand              |       |       |       |     2 |     5 |       |       |       |       ||     7
  Use: Scroll            |     2 |       |     4 |     5 |    17 |     9 |     6 |    18 |     7 ||    68
       Potion            |       |       |     2 |     2 |     4 |     3 |     5 |     9 |     4 ||    29
 Stab: Sleeping          |     2 |     1 |       |       |     5 |     2 |     7 |     3 |       ||    20
       Distracted        |       |       |       |     1 |     2 |     2 |     5 |     2 |     1 ||    13
       Petrified         |       |       |       |       |     4 |       |       |       |       ||     4
       Invisible         |       |       |       |       |       |       |       |     4 |       ||     4
Armor: Robe              |    16 |    10 |    46 |   129 |   313 |   194 |   217 |   121 |    15 ||  1061
       Skin              |       |       |       |       |       |    48 |   381 |   205 |       ||   634
Dodge: Dodged            |    19 |    24 |    51 |   161 |   339 |   271 |   530 |   309 |    21 ||  1725
Block: Kite shield       |       |       |       |    13 |   385 |   340 |   667 |   514 |    37 ||  1956
